AoeStats
← RoR | Vodka_L_2

Arabia

510546774Analyzed
1v1 RM · 1d ago on Oct 1, 2026· 25m 7s· 2 players
Game mode
Random Map
Map size
Tiny (2 player)
Population
200
Speed
Normal
Resources
Standard
Victory
Conquest
Starting age
Dark Age
Ending age
Imperial Age
RankedLock teamsTeams togetherTeam positionsShared explorationLock speedFull tech treeHidden civsTurbo modeCheats
Victory
Defeat
🇮🇹 Danes · Italy
2520
+2
🇻🇳 Bohemians · Vietnam
2054
-2
RoR | Vodka_L_2
8:05 Loom
10:17 Feudal Age
11:01 Double-Bit Axe
14:23 Fletching
20:40 Castle Age
19:46 Padded Archer Armor
19:40 Gold Mining
19:34 Horse Collar
20:44 Scale Mail Armor
21:20 Bodkin Arrow
21:11 Elite Skirmisher
23:19 Bow Saw
23:55 Arson
24:11 Squires
GIA_LUC_HAO_NAM
6:09 Loom
8:38 Feudal Age
9:12 Double-Bit Axe
14:40 Fletching
23:14 Castle Age
23:16 Elite Skirmisher
24:29 Bow Saw
Connection lost

Rejoining the realm…

Still unreachable

The connection could not be restored.

Session expired

The server has moved on; the page needs a fresh start.